 Dungeon Crawl Stone Soup version 0.21.1-1-g345015f (webtiles) character file.

64 Goblin1989 the Insei (level 3, -2/26 HPs)
             Began as a Demonspawn Transmuter on Mar 2, 2018.
             Slain by Sigmund
             ... wielding a +0 scythe
              (8 damage)
             ... on level 2 of the Dungeon.
             The game lasted 00:04:13 (1611 turns).

Goblin1989 the Insei (Demonspawn Transmuter)        Turns: 1611, Time: 00:04:14

Health: -2/26      AC:  6    Str: 11    XL:     3   Next: 91%
Magic:  6/6        EV: 10    Int: 14    God:
Gold:   101        SH:  0    Dex: 13    Spells: 5/6 levels left

rFire    . . .     SeeInvis .   g - +1 dagger (venom)
rCold    . . .     Gourm    .   (no shield)
rNeg     . . .     Faith    .   q - +0 scale mail
rPois    .         Spirit   .   (no helmet)
rElec    .         Reflect  .   (no cloak)
rCorr    .         Harm     .   (no gloves)
MR       .....                  (no boots)
Stlth    ..........             (no amulet)
HPRegen  0.08/turn              (no ring)
MPRegen  0.10/turn              (no ring)

@: confused
A: sturdy frame 1
a: no special abilities


You were on level 2 of the Dungeon.
You were not hungry.

You visited 1 branch of the dungeon, and saw 2 of its levels.

You collected 101 gold pieces.

Inventory:

Hand Weapons
 g - a +1 dagger of venom (weapon)
 l - a +0 hunting sling
Missiles
 a - 133 arrows
Armour
 q - a +0 scale mail (worn)
Scrolls
 f - 2 scrolls of teleportation {unknown}
 h - 4 scrolls of remove curse {unknown}
 i - a scroll of identify {unknown}
 o - a scroll of enchant weapon {unknown}
 s - a scroll of amnesia {unknown}
Potions
 k - a potion of degeneration {unknown}
 m - a potion of resistance {unknown}
 n - a potion of cancellation {unknown}
Books
 c - a book of Changes

   Spells                             Type                      Level
   a - Beastly Appendage              Transmutation                1
   b - Sticks to Snakes               Transmutation                2
   c - Spider Form                    Transmutation/Poison         3
   d - Ice Form                       Ice/Transmutation            4
   e - Blade Hands                    Transmutation                5
Comestibles
 e - 3 rations


   Skills:
 - Level 1.0 Fighting
 - Level 1.7 Dodging
 + Level 4.4 Unarmed Combat
 - Level 2.0 Spellcasting
 - Level 1.7 Transmutations


You had 5 spell levels left.
You knew the following spells:

 Your Spells              Type           Power        Failure   Level  Hunger
a - Beastly Appendage     Tmut           #.....       36%         1    ##.....


Dungeon Overview and Level Annotations

Branches:
Dungeon (2/15)

Altars:

Annotations:
D:2 Sigmund


Innate Abilities, Weirdness & Mutations

Your movements are slightly less encumbered by armour. (ER -2)


Message History

You take 1 damage, and have 20/26 hp.
You hit Sigmund.
Sigmund is poisoned.
Sigmund is lightly wounded.
The bat hits you but does no damage. x2; Sigmund closely misses you.
The adder closely misses you.
You barely miss Sigmund.
You feel sick. The bat completely misses you.
The adder bites you but does no damage.
Sigmund screams, "I am the angel of ZOT!!!"
Sigmund hits you but does no damage. The adder barely misses you.
You take 1 damage, and have 19/26 hp.
You hit the bat.
You kill the bat!
The adder barely misses you.
Unknown command.
You hit the adder.
You kill the adder!
Sigmund hits you with a scythe.
You take 5 damage, and have 14/26 hp.
You hit Sigmund but do no damage.
Sigmund looks as sick as possible!
Sigmund is lightly wounded.
You feel sick. Sigmund hits you but does no damage.
You take 1 damage, and have 13/26 hp.
Your scale mail prevents you from hitting Sigmund.
Sigmund is moderately wounded.
You barely miss Sigmund.
Sigmund is moderately wounded.
Sigmund hits you with a scythe!
* * * LOW HITPOINT WARNING * * *
You take 8 damage, and have 5/26 hp.
MASSIVE DAMAGE!!
You see here 3 scrolls labeled ZOF MAEQOUM.
Unknown command.
You feel sick.
You take 1 damage, and have 4/26 hp.
You feel sick.
You take 1 damage, and have 3/26 hp.
There is a stone staircase leading up here.
You feel sick.
You are no longer poisoned.
You climb upwards.
There is a stone staircase leading down here.
Unknown command.
You start resting.
All of the chunks of flesh in your inventory have rotted away.
You are feeling hungry.
You regained 4 hp, and now have 7/26 hp.
You start resting.
You are feeling very hungry.
You regained 14 hp, and now have 21/26 hp.
You start resting.
HP restored.
Health restored: 26 You eat one of the 4 rations.
That ration really hit the spot!
You climb downwards.
Level annotation: Sigmund
There is a stone staircase leading up here.
Unknown command.
Sigmund hits you with a scythe!
You take 8 damage, and have 18/26 hp.
MASSIVE DAMAGE!!
You hit Sigmund.
Sigmund is lightly wounded.
Sigmund barely misses you.
You completely miss Sigmund.
Sigmund is lightly wounded.
You hit Sigmund.
Sigmund is moderately wounded.
Sigmund points at you and mumbles some strange words.
The magic dart hits you!
You take 1 damage, and have 17/26 hp.
You hit Sigmund but do no damage.
Sigmund is poisoned.
You punch Sigmund, but do no damage.
Sigmund is moderately wounded.
Sigmund hits you with a scythe.
You take 2 damage, and have 15/26 hp.
You barely miss Sigmund.
Sigmund is moderately wounded.
Sigmund completely misses you.
You hit Sigmund.
Sigmund looks as sick as possible!
Sigmund is moderately wounded.
You barely miss Sigmund.
Sigmund is moderately wounded.
Sigmund gestures at you while chanting. The magic dart hits you!
You hit Sigmund but do no damage.
Sigmund looks as sick as possible!
Sigmund is heavily wounded.
Sigmund gestures at you while chanting.
You are confused.
You closely miss Sigmund.
Sigmund is severely wounded.
Sigmund hits you with a scythe!
* * * LOW HITPOINT WARNING * * *
You take 9 damage, and have 7/26 hp.
MASSIVE DAMAGE!!
You bump into the rock wall.
Sigmund casts a spell at you. You resist with significant effort.
Sigmund casts a spell at you. The puff of flame hits you!
* * * LOW HITPOINT WARNING * * *
You take 1 damage, and have 6/26 hp.
Sigmund hits you with a scythe!
You die...

. █).████..............█
..███.......██..[.^...(.█
█......█......<.........█
............███.........█
......█.÷....█...████████
......█..█.......█
.......$█?[.....████. .█
......███.....█...... .█
██.....█....@.█<.......
.███.....█...██..@█........
.█... .. █..███...█........
...████ ..................
......> ....█....██...██.
...█.. ....████.. ..██
█..... ..$ ███....█ ...█
... ..█..█


████ .██..( You could see Sigmund.

Vanquished Creatures
  Terence (D:2)
  An adder (D:2)
  A leopard gecko (D:1)
  7 bats
  2 giant cockroaches
  3 goblins (D:1)
  4 hobgoblins (D:1)
  2 jackals (D:1)
  A frilled lizard (D:1)
  2 kobolds (D:1)
  3 rats (D:1)
27 creatures vanquished.

Notes
Turn   | Place    | Note
-------+----------+-------------------------------------------
     0 | D:1      | Goblin1989 the Demonspawn Transmuter began the quest for the Orb.
     0 | D:1      | Reached XP level 1. HP: 15/15 MP: 3/3
    71 | D:1      | Reached skill level 3 in Unarmed Combat
   356 | D:1      | Gained mutation: Your movements are slightly less encumbered by armour. (ER -2) [demonic ancestry]
   356 | D:1      | Reached XP level 2. HP: 21/21 MP: 5/5
  1040 | D:2      | Noticed Sigmund
  1087 | D:2      | Noticed Terence
  1089 | D:2      | Reached XP level 3. HP: 26/26 MP: 6/6
  1100 | D:2      | Killed Terence
  1100 | D:2      | Reached skill level 4 in Unarmed Combat
  1611 | D:2      | Slain by Sigmund

Skill      XL: |  1  2  3 |
---------------+----------+-----
Unarmed Combat | 3 4 |  4.4
Fighting       | |  1.0
Dodging        | |  1.7
Spellcasting   | |  2.0
Transmutations | |  1.7

Action                   || total
-------------------------++-------
Melee: Dagger            ||    81
       Unarmed           ||     7
       Punch             ||     1
 Cast: Beastly Appendage ||     3
  Use: Potion            ||     1
 Stab: Sleeping          ||     1
  Eat: Ration            ||     1
       Chunk             ||     1
Armor: Robe              ||     9
       Scale mail        ||    15
Dodge: Dodged            ||    80

Vault maps used:
D:1:      minmay_arrival_open_corners, hangedman_abyss_or_decor_stabs
D:2:      nicolae_overflow_crystal_walls, kennysheep_generic_room_2,
          uniq_terence, uniq_sigmund
